 Dungeon Crawl Stone Soup version 0.17-a0-1655-g88a8506 (webtiles) character file.

11835 nuthulu the Destroyer (level 11, -2/54 HPs)
             Began as a Gargoyle Fire Elementalist on Aug 15, 2015.
             Was a Priest of Vehumet.
             Slain by a spiny frog (13 damage)
             ... on level 1 of the Lair of Beasts.
             The game lasted 00:48:32 (15471 turns).

nuthulu the Destroyer (Gargoyle Fire Elementalist) Turns: 15471, Time: 00:48:32

Health: -2/54      AC: 16    Str: 13    XL:     11   Next: 83%
Magic:  25/31      EV: 12    Int: 17    God:    Vehumet [***...]
Gold:   247        SH:  0    Dex: 11    Spells: 5 memorised, 9 levels left

rFire  . . .     SeeInvis .     N - +4 flail
rCold  . . .     Clarity  .     E - +0 robe {rN+}
rNeg   + + .     SustAt   .     (no shield)
rPois  ∞         Gourm    .     j - +2 helmet
rElec  +         Spirit   .     D - +0 cloak
rCorr  .         Warding  .     (no gloves)
rMut   .         Stasis   .     q - +2 pair of boots
MR     .....                    g - amulet of faith
Stlth  ++........               (no ring)
                                L - ring of magical power

@: not resistant to hostile enchantments, unstealthy
A: negative energy resistance 1, electricity resistance, unbreathing,
petrification resistance, rot immunity, AC +7
a: Renounce Religion


You were on level 1 of the Lair of Beasts.
You worshipped Vehumet.
Vehumet was most pleased with you.
You were not hungry.

You visited 3 branches of the dungeon, and saw 13 of its levels.
You also visited: Sewer.

You collected 535 gold pieces.
You spent 288 gold pieces at shops.

Inventory:

Hand weapons
 k - a +0 whip
 n - a +0 flail
 x - a +1 antimagic flail
 N - a +4 flail (weapon)
Armour
 a - a +1 robe
 h - a +1 hat
 j - a +2 helmet (worn)
 p - a +0 leather armour
 q - a +2 pair of boots (worn)
 D - a +0 cloak (worn)
 E - a +0 robe of positive energy (worn)
Jewellery
 g - an amulet of faith (around neck)
 L - a ring of magical power (left hand)
Magical devices
 r - a wand of cold (5)
 s - a wand of paralysis (24)
 v - a wand of lightning (6)
 y - a wand of enslavement (4)
 C - a wand of cold (3)
 J - a wand of confusion (22)
 P - a wand of frost (16)
Scrolls
 m - 5 scrolls of teleportation
 u - 2 scrolls of amnesia
 A - a scroll of recharging
 B - 4 scrolls of remove curse
 K - a scroll of fog
 M - a scroll of identify
Potions
 e - 6 potions of curing
 o - 2 potions of ambrosia
 t - 3 potions of agility
 w - 4 potions of flight
 G - 2 potions of cancellation
Books
 b - a book of Flames

   Spells                             Type                      Level
   a - Flame Tongue                   Conjuration/Fire             1
   b - Throw Flame                    Conjuration/Fire             2
   c - Conjure Flame                  Conjuration/Fire             3
   d - Inner Flame                    Hexes/Fire                   3
   e - Sticky Flame                   Conjuration/Fire             4
   f - Fireball                       Conjuration/Fire             5
 z - a book of Dreams

   Spells                             Type                      Level
   a - Ensorcelled Hibernation        Hexes/Ice                    2
   b - Phase Shift                    Translocation                5
   c - Shadow Creatures               Summoning                    5
   d - Silence                        Hexes/Air                    5
   e - Darkness                       Hexes                        6
   f - Mass Confusion                 Hexes                        6
 H - a book of Frost

   Spells                             Type                      Level
   a - Freeze                         Ice                          1
   b - Throw Frost                    Conjuration/Ice              2
   c - Ozocubu's Armour               Charms/Ice                   3
   d - Throw Icicle                   Conjuration/Ice              4
   e - Summon Ice Beast               Ice/Summoning                4
   f - Condensation Shield            Ice                          4
 I - a book of the Tempests

   Spells                             Type                      Level
   a - Static Discharge               Conjuration/Air              3
   b - Lightning Bolt                 Conjuration/Air              5
   c - Fireball                       Conjuration/Fire             5
   d - Tornado                        Air                          9
   e - Shatter                        Earth                        9
Comestibles
 c - 4 bread rations
 d - 9 slices of pizza
 f - 2 fruits
 i - 4 beef jerkies
 l - 4 meat rations
 O - a royal jelly


   Skills:
 - Level 1.5 Dodging
 - Level 2.1 Stealth
 + Level 7.9 Spellcasting
 * Level 12.5 Conjurations
 * Level 12.0 Fire Magic


You had 9 spell levels left.
You knew the following spells:

 Your Spells              Type           Power        Failure   Level  Hunger
a - Flame Tongue          Conj/Fire      #####        1%          1    None
b - Conjure Flame         Conj/Fire      #####...     1%          3    #......
c - Sticky Flame          Conj/Fire      #####...     1%          4    ###....
d - Fireball              Conj/Fire      #####.....   1%          5    #####..
e - Stone Arrow           Conj/Erth      ####..       1%          3    #......


Dungeon Overview and Level Annotations

Branches:
Dungeon (11/15)            Temple (1/1) D:7            Lair (1/8) D:10
    Orc: D:9-12

Altars:
Ashenzari
Makhleb
Nemelex Xobeh
Okawaru
Qazlal
Ru
Sif Muna
Vehumet
Xom
Yredelemnul
Zin
The Shining One

Shops:
D:5 (   D:7 ?   D:8 [   D:9 *   D:10 =


Innate Abilities, Weirdness & Mutations

You are resistant to torment.
Your stone body is resilient (AC +7).
You are immune to poison.
You resist negative energy.
You are resistant to electric shocks.
You can survive without breathing.
You are immune to petrification.
You are immune to rotting.


Message History

Confirm with . or Enter, or press ? or * to list all spells.
Aiming: Flame Tongue
Press: ? - help, Shift-Dir - straight line, f/p - spiny frog
Aim: a spiny frog The flame tongue hits the spiny frog.
The spiny frog is lightly wounded.
The spiny frog stings you!
Casting: Flame Tongue
Confirm with . or Enter, or press ? or * to list all spells.
Aiming: Sticky Flame
Press: ? - help, Shift-Dir - straight line, f/p - spiny frog
Aim: a spiny frog The sticky flame hits the spiny frog.
The spiny frog is lightly wounded.
The spiny frog is covered in liquid flames!
The spiny frog burns!
The spiny frog stings you!
The spiny frog burns!
The spiny frog stings you!
* * * LOW HITPOINT WARNING * * *
The spiny frog stings you!
You die...

##............
#............. .
.##...#........# ..
..............# ...
..#...D.........#
....
................#
...............F....#
................@...#
..................###
................###
................#
.......>>.....###
..............##
............##.#
............####
...........##


You could see a seven-headed hydra and a spiny frog (burning).

Vanquished Creatures
  Gastronok (D:8)
  Nergalle (D:10)
  A hill giant (D:10)
  Maurice (D:8)
  A komodo dragon (Lair:1)
  A spiny frog (Lair:1)
  Prince Ribbit (D:8)
  2 two-headed ogres (D:10)
  A deep elf mage (D:10)
  Sigmund (D:6)
  A wraith (D:10)
  5 yaks (D:10)
  A human (D:8)
  Eustachio (D:5)
  A steam dragon (D:7)
  Grum (D:10)
  A hungry ghost (D:10)
  Menkaure (D:7)
  Edmund (D:5)
  A mottled dragon (D:10)
  A porcupine (Lair:1)
  Duvessa (D:5)
  3 water moccasins
  2 ice beasts
  4 wolves (D:10)
  A black bear (D:9)
  4 orc warriors
  2 sky beasts
  5 ogres
  A phantom (D:8)
  A wasp (D:8)
  2 centaurs
  4 crocodiles (D:10)
  Blork the orc (D:5)
  4 big kobolds
  Dowan (D:5)
  3 giant frogs
  2 scorpions
  4 wights (D:8)
  2 quasits
  6 crimson imps
  4 hounds
  2 jellies
  3 centaur skeletons
  A giant frog skeleton (D:7)
  4 orc wizards
  5 orc priests
  5 worker ants
  Natasha (twice) (D:4)
  9 iguanas
  4 sheep (D:8)
  A hound zombie (D:8)
  A hound skeleton (D:6)
  8 river rats
  16 adders
  4 shadow imps
  2 worms (D:2)
  An adder skeleton (D:9)
  3 giant geckos
  34 orcs
  8 giant cockroaches
  5 hobgoblins
  6 jackals
  34 kobolds
  2 quokkas (D:6)
  7 ball pythons
  A bat (D:2)
  2 giant newts
  A goblin (D:2)
  A quokka skeleton (D:5)
  27 rats
282 creatures vanquished.

Notes
Turn   | Place    | Note
--------------------------------------------------------------
     0 | D:1      | nuthulu the Gargoyle Fire Elementalist began the quest for the Orb.
     0 | D:1      | Reached XP level 1. HP: 10/10 MP: 3/3
   217 | D:1      | Reached XP level 2. HP: 10/15 MP: 0/5
  1149 | D:2      | Reached XP level 3. HP: 13/19 MP: 0/6
  1154 | D:2      | Learned a level 3 spell: Conjure Flame
  1675 | D:2      | Reached XP level 4. HP: 18/24 MP: 0/7
  1741 | D:2      | Found a basalt altar of Yredelemnul.
  1894 | D:2      | Found a shattered altar of Ashenzari.
  2101 | D:3      | Reached skill level 4 in Fire Magic
  2247 | D:3      | Found a glowing drain.
  2269 | Sewer    | Entered a sewer
  2549 | Sewer    | Reached XP level 5. HP: 11/28 MP: 4/9
  3198 | Sewer    | Learned a level 4 spell: Sticky Flame
  3287 | Sewer    | Noticed a big kobold
  3287 | Sewer    | Noticed a big kobold
  3337 | Sewer    | Killed a big kobold
  3337 | Sewer    | Reached XP level 6. HP: 19/32 MP: 0/10
  3353 | Sewer    | Killed a big kobold
  3549 | Sewer    | Reached skill level 5 in Fire Magic
  4525 | D:4      | Noticed Natasha
  4527 | D:4      | Found a burning altar of Makhleb.
  4543 | D:4      | Killed Natasha
  4667 | D:4      | Reached XP level 7. HP: 36/36 MP: 2/12
  4752 | D:4      | Learned a level 5 spell: Fireball
  4789 | D:4      | Reached skill level 5 in Conjurations
  4840 | D:4      | Found a sparkling altar of Nemelex Xobeh.
  4931 | D:4      | Noticed Natasha
  4932 | D:4      | Killed Natasha
  5605 | D:5      | Entered Level 5 of the Dungeon
  5633 | D:5      | Noticed Dowan
  5633 | D:5      | Noticed Eustachio
  5679 | D:5      | Found a deep blue altar of Sif Muna.
  5682 | D:5      | Found a shimmering altar of Xom.
  5687 | D:5      | Found a stormy altar of Qazlal.
  5783 | D:5      | Noticed Blork the orc
  5795 | D:5      | Killed Blork the orc
  5862 | D:5      | Killed Eustachio
  5871 | D:5      | Reached skill level 6 in Conjurations
  5871 | D:5      | Reached XP level 8. HP: 31/41 MP: 0/14
  6063 | D:5      | Noticed Duvessa
  6087 | D:5      | Killed Duvessa
  6108 | D:5      | Killed Dowan
  6283 | D:5      | Found Guodudam's Antique Weapon Emporium.
  6769 | D:5      | Noticed Edmund
  6781 | D:5      | Killed Edmund
  6781 | D:5      | Reached skill level 7 in Fire Magic
  7135 | D:6      | Noticed Sigmund
  7475 | D:6      | Killed Sigmund
  7475 | D:6      | Reached skill level 5 in Spellcasting
  7475 | D:6      | Reached XP level 9. HP: 45/45 MP: 5/16
  7570 | D:6      | Reached skill level 8 in Conjurations
  8516 | D:6      | Found an iron altar of Okawaru.
  9106 | D:7      | Found Celidoq's Magic Scroll Boutique.
  9240 | D:7      | Bought a scroll of identify for 28 gold pieces
  9278 | D:7      | Found a staircase to the Ecumenical Temple.
  9292 | Temple   | Entered the Ecumenical Temple
  9296 | Temple   | Became a worshipper of Vehumet
  9698 | D:7      | Noticed Menkaure
  9702 | D:7      | Killed Menkaure
  9702 | D:7      | Reached skill level 9 in Conjurations
 10145 | D:8      | Noticed Prince Ribbit
 10153 | D:8      | Noticed Gastronok
 10162 | D:8      | Killed Prince Ribbit
 10273 | D:8      | Found Ymuhil's Antique Armour Shop.
 10539 | D:8      | Reached XP level 10. HP: 48/50 MP: 15/19
 10660 | D:8      | Acquired Vehumet's first power
 10660 | D:8      | Offered knowledge of Magic Dart by Vehumet.
 10826 | D:8      | Killed Gastronok
 10826 | D:8      | Reached skill level 10 in Conjurations
 10826 | D:8      | Reached skill level 10 in Fire Magic
 11242 | D:8      | Noticed Maurice
 11255 | D:8      | Killed Maurice
 11308 | D:8      | Found a stormy altar of Qazlal.
 11830 | D:9      | Found a deep blue altar of Sif Muna.
 12127 | D:9      | Reached skill level 11 in Conjurations
 12437 | D:9      | Found Inocruis's General Store.
 12447 | D:9      | Offered knowledge of Sting by Vehumet.
 12530 | D:10     | Entered Level 10 of the Dungeon
 12533 | D:10     | Reached XP level 11. HP: 54/54 MP: 14/21
 13245 | D:10     | Found Ciaj's Jewellery Shop.
 13245 | D:10     | Noticed Grum
 13269 | D:10     | Killed Grum
 13422 | D:10     | Bought an uncursed ring of magical power for 260 gold pieces
 13654 | D:10     | Offered knowledge of Stone Arrow by Vehumet.
 13661 | D:10     | Learned a level 3 spell: Stone Arrow
 13728 | D:10     | Noticed a hill giant
 13771 | D:10     | Killed a hill giant
 13893 | D:10     | Noticed Nergalle
 13899 | D:10     | Killed Nergalle
 13899 | D:10     | Reached skill level 12 in Conjurations
 14320 | D:10     | Acquired Vehumet's second power
 14618 | D:10     | Found a staircase to the Lair.
 14957 | Lair:1   | Entered Level 1 of the Lair of Beasts
 14974 | Lair:1   | Offered knowledge of Force Lance by Vehumet.
 15468 | Lair:1   | Noticed a seven-headed hydra
 15471 | Lair:1   | Slain by a spiny frog

Vault maps used:
D:1:      dpeg_arrival_sounds_slurp
D:2:      overflow_temple_1_default, minmay_misc_feat_chi,
          yredelemnul_altar_generic
D:3:      gup_sewer_entry_glass
D:4:      bloody_makhleb, nemelex_xobeh_ov_fountains_minmay, uniq_natasha
D:5:      gammafunk_temple_overflow_forgotten, first_bread, serial_shops, shop,
          hangedman_abyss_or_decor_passed, uniq_blork_the_orc, uniq_duvessa,
          uniq_edmund, uniq_eustachio
D:6:      lemuel_crystal_altar, uniq_sigmund
D:7:      minmay_temple_entry_purple_smoke, serial_shops, shop, uniq_menkaure
D:8:      serial_shops, nicolae_shop_stone, grunt_livestock,
          corexii_checkpoint_b, nicolae_qazlal_general_emergency, uniq_maurice,
          uniq_prince_ribbit1, uniq_gastronok
D:9:      basic_altar, serial_shops, kennysheep_little_box,
          kennysheep_generic_room_12
D:10:     erik_lair_dragon, serial_shops, nicolae_shop_stone, uniq_nergalle,
          uniq_grum
Temple:   triangle_lava_temple_12
Lair:1:   patterned_corridor
Sewer:    sewer_minmay_treatment

Action                   |  1- 3 |  4- 6 |  7- 9 | 10-12 || total
-------------------------+-------+-------+-------+-------++-------
Melee: Unarmed           |    33 |       |       |       ||    33
       Flail             |       |    94 |   265 |    34 ||   393
       Whip              |       |     6 |       |       ||     6
 Cast: Flame Tongue      |    52 |   129 |   176 |   258 ||   615
       Conjure Flame     |     1 |     3 |     2 |    10 ||    16
       Sticky Flame      |       |     1 |    24 |    37 ||    62
       Fireball          |       |       |     1 |     8 ||     9
       Stone Arrow       |       |       |       |     9 ||     9
Evoke: Wand              |       |       |     2 |       ||     2
  Use: Scroll            |     8 |     3 |     7 |     6 ||    24
       Potion            |       |     3 |     5 |     3 ||    11
  Eat: Chunk             |     2 |    11 |     9 |    14 ||    36
       Fruit             |     1 |       |       |       ||     1
       Meat ration       |       |       |     3 |       ||     3
       Bread ration      |       |       |       |     2 ||     2
       Royal jelly       |       |       |       |     1 ||     1
